Map: Moonlight Madness LE (Void)

Players

SticklerMac - Winner!

  • Race: Zerg Zerg
  • League: Grandmaster

bumfluff

  • Race: Terran Terran
  • League: Bronze

VOD

Have the link to the VOD?

Description

Time

  • Played on: Aug. 4, 2015, 10:26 p.m.
  • Length: 11:28
Show
View Real Time Build Order
Export as new Build Order

SticklerMac Zerg - Winner!

Build Orders: Hatch First, Muta Ling Bane 

Get SALT Encoding   

  12  0:00  Drone  
  13  0:08  Drone  
  14  0:17  Overlord  
  14  0:35  Drone x3  
  17  0:56  Hatchery  
  16  0:58  Drone  
  16  1:01  Drone  
  18  1:08  Drone  
  19  1:19  Spawning Pool  
  19  1:21  Drone  
  19  1:32  Drone  
  20  1:38  Extractor  
  19  1:40  Overlord  
  19  1:50  Drone  
  20  2:02  Drone  
  20  2:05  Queen  
  20  2:07  Queen  
  25  2:08  Drone  
  25  2:12  Drone, Extractor  
  26  2:19  Drone  
  27  2:25  Drone  
  27  2:29  Drone  
  29  2:36  Overlord  
  29  2:41  Zergling x2  
  29  2:44  Metabolic Boost  
  30  2:50  Drone  
  31  2:55  Zergling x2  
  31  2:56  Zergling x2  
  33  3:03  Drone  
  34  3:06  Drone  
  34  3:09  Hatchery  
  34  3:13  Zergling x2  
  34  3:17  Lair  
  35  3:21  Drone  
  36  3:27  Drone x2  
  36  3:28  Drone  
  39  3:38  Baneling Nest  
  39  3:40  Drone x2  
  40  3:45  Drone x3  
  40  3:48  Drone  
  44  4:08  Zergling x2  
  44  4:09  Overlord x4  
  42  4:10  Overlord  
  42  4:14  Zergling x4  
  42  4:29  Queen  
  42  4:30  Zergling x2  
  42  4:31  Zergling x6  
  43  4:43  Drone x3  
  43  4:44  Drone  
  44  4:47  Drone  
  45  4:53  Drone  
  45  4:54  Drone  
  45  4:55  Zergling x2  
  45  4:56  Zergling x2  
  49  5:05  Drone x2  
  49  5:06  Drone x2  
  53  5:08  Drone  
  54  5:23  Drone x5  
  54  5:24  Drone x4  
  63  5:34  Drone, Spire  
  63  5:53  Queen  
  63  5:56  Extractor  
  65  5:57  Drone x5, Extractor  
  65  6:04  Drone x2  
  70  6:06  Zergling x8  
  70  6:07  Zergling x6  
  70  6:09  Drone  
  78  6:21  Drone  
  78  6:23  Drone x2  
  78  6:24  Drone  
  82  6:34  Zergling x12  
  82  6:39  Centrifical Hooks  
  88  6:54  Overlord  
  88  6:55  Overlord x5  
  88  6:56  Overlord x4  
  88  7:07  Overlord  
  88  7:18  Zerg Flyer Armor Level 1  
  88  7:23  Mutalisk  
  88  7:24  Mutalisk x10  
  88  7:27  Zergling x6  
  88  7:28  Zergling x2  
  88  7:29  Zergling x2  
  115  7:30  Zergling x2  
  116  7:38  Zergling x12  
  122  7:44  Evolution Chamber, Drone  
  122  7:46  Evolution Chamber, Drone  
  122  7:56  Zergling x18  
  131  8:16  Mutalisk  
  131  8:17  Mutalisk x4  
  131  8:18  Zergling x2  
  140  8:29  Mutalisk x2  
  140  8:32  Zergling x2  
  140  8:33  Zergling x8  
  148  8:45  Zergling x2  
  148  8:46  Zergling x6  
  151  8:54  Mutalisk  
  152  9:02  Zergling x4  
  154  9:03  Zergling x2  
  119  9:25  Zergling x8  
  119  9:29  Zergling x2  
  115  9:47  Mutalisk x3  
  115  9:50  Overseer  
  120  10:20  Mutalisk x3  
  125  10:36  Hatchery  
  124  10:50  Hatchery  
  121  11:20  Hatchery  
Show
View Real Time Build Order
Export as new Build Order

bumfluff Terran 

Build Orders:  

Get SALT Encoding   

  12  0:01  SCV  
  13  0:13  SCV  
  14  0:27  Supply Depot  
  14  0:30  Refinery  
  14  0:49  Barracks  
  14  0:57  Barracks  
  14  1:01  SCV  
  15  1:11  Refinery  
  15  1:13  SCV  
  16  1:25  SCV  
  17  1:37  SCV  
  18  1:49  SCV  
  19  2:00  Supply Depot  
  19  2:01  SCV  
  19  2:03  Reaper  
  19  2:04  Reaper  
  22  2:23  Supply Depot  
  22  2:33  SCV  
  22  2:35  Reaper  
  22  2:36  Reaper  
  25  2:58  Factory  
  25  3:07  Reaper  
  25  3:08  Reaper  
  27  3:21  SCV, Barracks  
  28  3:43  Factory Tech Lab  
  28  3:46  Reaper x2  
  27  4:43  Marine x2  
  27  4:45  Siege Tank  
  27  4:48  SCV  
  27  4:49  Starport  
  28  4:55  Marine  
  29  5:00  SCV  
  29  5:01  Command Center, Barracks, Marine  
  29  5:05  Marine  
  32  5:13  Marine  
  33  5:18  Starport  
  33  5:19  Marine  
  34  5:23  Marine  
  34  5:24  Siege Tank  
  34  5:28  Starport Tech Lab  
  39  5:37  Marine  
  39  5:38  Barracks Tech Lab  
  39  5:42  Supply Depot  
  39  5:46  Engineering Bay  
  39  5:51  Barracks Reactor  
  39  5:57  Starport Tech Lab  
  39  6:02  Orbital Command  
  39  6:03  Marine  
  40  6:13  Cloaking Field  
  40  6:17  Banshee  
  43  6:20  Marine  
  44  6:30  Banshee  
  47  6:35  SCV  
  47  6:37  SCV  
  49  6:50  Missile Turret  
  49  6:57  Missile Turret  
  49  6:59  Marine  
  49  7:00  Marauder  
  49  7:01  Marine x2  
  54  7:11  SCV  
  54  7:13  SCV  
  56  7:19  Marine x2  
  56  7:21  Banshee  
  61  7:31  Supply Depot  
  61  7:34  Banshee  
  64  7:42  Marine x2  
  64  7:43  Marauder  
  68  7:47  Marine x2  
  68  7:51  Terran Infantry Weapons Level 1  
  70  7:56  SCV  
  71  8:00  Marine x2  
  71  8:03  SCV  
  71  8:04  Marine  
  75  8:11  Viking  
  77  8:15  SCV  
  78  8:21  Marine x2  
  76  8:31  Missile Turret  
  76  8:35  Viking  
  77  8:42  Missile Turret  
  77  8:43  Viking  
  76  8:48  Marine  
  76  8:49  Marine  
  76  9:15  Marine  
  45  9:53  Siege Tank  
  45  9:54  Marine x3  
  45  9:56  Viking x2  
  52  10:12  Marine x3  
  46  10:29  Marine, Fusion Core  
  46  10:32  Marine x2  
  49  10:37  Missile Turret  
  49  10:44  Missile Turret  
  49  10:47  Marine  
Tags
 
Add a new tag
Caveats
  • Supply blocks, unpowered buildings, or Contaminate may cause inaccurate times.
  • Supply counts are checked every 10 seconds.